 Dungeon Crawl Stone Soup version 0.31-a0-618-g7ca08c1ff9 (webtiles) character file.

Game seed: 6468236756587145403

5274 Twinkles the Fighter (level 10, 0/93 HPs)
             Began as a Minotaur Berserker on Aug 22, 2023.
             Was an Elder of Trog.
             Slain by an orc priest
             ... wielding a +0 mace
              (3 damage)
             ... on level 9 of the Dungeon.
             The game lasted 00:09:48 (10055 turns).

Twinkles the Fighter (Minotaur Berserker)          Turns: 10055, Time: 00:09:49

Health: 0/93       AC:  0    Str: 26    XL:     10   Next: 36%
Magic:  9/9        EV: 17    Int:  4    God:    Trog [****..]
Gold:   682        SH:  0    Dex: 10    Spells: 9/9 levels left

rFire   . . .        v - melded +0 war axe
rCold   . . .        (shield currently unavailable)
rNeg    . . .        M - melded +0 ring mail of Misanthropy {rC++}
rPois   .            (helmet currently unavailable)
rElec   .            y - melded +1 cloak
rCorr   .            u - melded +0 pair of gloves
SInv    .            s - melded +0 pair of boots
Will    .....        (no amulet)
Stlth   +            D - melded +5 ring of evasion
HPRegen 0.35/turn    G - melded ring of positive energy
MPRegen 0.11/turn

%: no passive effects
@: pig-form, very quick
A: fast, no casting, small, (horns 2), (retaliatory headbutt)
a: Renounce Religion, Berserk, Trog's Hand, Brothers in Arms


You were on level 9 of the Dungeon.
You worshipped Trog.
Trog was greatly pleased with you.
You were a filthy swine.
You visited 1 branch of the dungeon, and saw 9 of its levels.

You collected 682 gold pieces.

Inventory:

Hand Weapons
 a - a +0 hand axe
 v - a +0 war axe (melded)
Missiles
 w - 22 poisoned darts
Armour
 b - a +0 animal skin
 o - a +0 ring mail
 s - a +0 pair of boots (melded)
 t - a +0 scale mail
 u - a +0 pair of gloves (melded)
 y - a +1 cloak (melded)
 C - a scarf of shadows
 M - the +0 ring mail of Misanthropy (melded) {rC++}
   (You found it on level 7 of the Dungeon)

   rC++:      It greatly protects you from cold.
Jewellery
 D - a +5 ring of evasion (melded)
 G - a ring of positive energy (melded)
 L - a +6 ring of intelligence
Wands
 h - a wand of acid (12)
 i - a wand of iceblast (10)
 p - a wand of paralysis (5)
Scrolls
 c - 7 scrolls of identify {unknown}
 e - 2 scrolls of fog {unknown}
 g - 2 scrolls of noise {unknown}
 k - 3 scrolls of enchant armour {unknown}
 l - 2 scrolls of enchant weapon {unknown}
 q - 2 scrolls of vulnerability {unknown}
 z - a scroll of amnesia {unknown}
 B - 2 scrolls of teleportation {unknown}
 F - 3 scrolls of immolation {unknown}
 K - a scroll of fear {unknown}
Potions
 d - 6 potions of curing {unknown}
 f - a potion of experience {unknown}
 j - 2 potions of magic {unknown}
 m - a potion of cancellation {unknown}
 n - 2 potions of enlightenment {unknown}
 r - a potion of attraction {unknown}
 x - a potion of mutation {unknown}
 A - 2 potions of heal wounds {unknown}
 E - a potion of brilliance {unknown}
 H - a potion of berserk rage {unknown}
 I - 2 potions of lignification {unknown}
 J - 2 potions of degeneration {unknown}
 N - a potion of might {unknown}


   Skills:
 + Level 10.0 Fighting
 + Level 10.0 Axes
 + Level 9.6 Armour
 + Level 8.8 Dodging


You had 9 spell levels left.
You didn't know any spells.
Your spell library was empty.

Dungeon Overview and Level Annotations

Branches:
Dungeon (9/15) Zot: 26546  Temple (0/1) D:7
   Lair: D:8-11         Orc: D:9-12

Altars:
Makhleb
Trog
Uskayaw

Shops:
D:2 [

Annotations:
D:3 3 runed translucent doors, SoEpicPie's ghost, weakling DjFE
D:9 Psyche


Innate Abilities, Weirdness & Mutations

You are a filthy swine.
You move quickly.
Your equipment is almost entirely melded.
You are incapable of wielding weapons or throwing items.
You cannot cast spells.
((You have a pair of horns on your head.))
((You reflexively headbutt those who attack you in melee.))


Message History

You hear a zap.
Your mind is blasted!
The orc priest closely misses you.
You bump into the rock wall.
You hear some strange, mumbled words.
You turn into a filthy swine.
Your +0 war axe melds into your body.
Your +1 cloak melds into your body.
Your +0 pair of gloves melds into your body.
Your +0 pair of boots melds into your body.
The +0 ring mail of Misanthropy {rC++} melds into your body.
Your +5 ring of evasion melds into your body.
Your ring of positive energy melds into your body.
The orc priest misses you. Something closely misses you.
You miss something. The orc priest closely misses you.
You hear a zap.
Your mind is blasted!
* * * LOW HITPOINT WARNING * * *
You miss something.
The orc wizard mumbles some strange words.
The orc wizard flickers and vanishes!
You hear some strange, mumbled words.
A swirling arc of seething chaos appears!
An arc of chaos appears from out of thin air!
The arc of chaos hits you.
* * * LOW HITPOINT WARNING * * *
The arc of chaos hits the orc priest.
The orc priest hits you with a +0 mace!
* * * LOW HITPOINT WARNING * * *
You bump into the rock wall.
You hear some strange, mumbled words.
The orc priest barely misses you.
You miss the orc priest.
The orc priest is moderately wounded.
You hear a zap.
Your mind is blasted!
* * * LOW HITPOINT WARNING * * *
You bump into the rock wall.
You feel less confused.
Psyche appears from thin air!
Reactivating autopickup.
The orc priest hits you with a +0 mace.
You die...

+#..............~~~≈~
.............###...≈≈S≈≈≈~
###########..#...~.~~~S≈.h
# #..#....~~.~.o~. #
#..#....~~....~. #
#..#............
#+#########..'............
.............######...####
...............@ho{..# ..
..............######.#..
..............# .#.
..............# .'
..............# .#
..............###+##?#####.
.......###.........{.......
....... #...........>.....
....... #.................


You could see Psyche and an orc priest.

Vanquished Creatures
  Erica (D:8)
  Pikel (D:4)
  A troll (D:9)
  A hornet (D:9)
  A wyvern (D:9)
  2 steam dragons
  An acid dragon (D:8)
  3 water moccasins (D:7)
  4 ice beasts
  An orc warrior (D:9)
  2 sky beasts
  2 black bears
  2 ogres
  3 centaurs
  A phantom (D:7)
  A lemure (D:4)
  A kobold brigand (D:8)
  2 bullfrogs
  2 scorpions
  2 electric eels (D:7)
  3 howler monkeys (D:8)
  2 jellies (D:5)
  3 hounds
  4 orc priests
  Crazy Yiuf (D:4)
  3 sleepcaps
  Ijyb (D:3)
  9 iguanas
  10 orc wizards
  Robin (D:3)
  4 gnolls (D:4)
  8 adders
  A white imp (D:8)
  3 ufetubi
  4 worms
  26 orcs
  7 ball pythons
  9 endoplasms
  5 giant cockroaches
  11 goblins
  14 hobgoblins
  4 quokkas
  9 bats
  2 frilled lizards (D:2)
  13 kobolds
  9 rats
200 creatures vanquished.

Vanquished Creatures (others)
  An orc wizard (D:4)
1 creature vanquished.

Grand Total: 201 creatures vanquished

Notes
Turn   | Place    | Note
-------+----------+-------------------------------------------
     0 | D:1      | Twinkles the Minotaur Berserker began the quest for the
                  | Orb.
     0 | D:1      | Reached XP level 1. HP: 19/19 MP: 0/0
   178 | D:1      | Reached XP level 2. HP: 27/27 MP: 1/1
  1393 | D:2      | Found Hiufian's Armour Shoppe.
  1598 | D:2      | Reached XP level 3. HP: 29/33 MP: 2/2
  1628 | D:2      | Reached ** piety under Trog
  2234 | D:2      | Reached XP level 4. HP: 41/41 MP: 3/3
  2268 | D:3      | Noticed Ijyb
  2272 | D:3      | Killed Ijyb
  2369 | D:3      | Found a runed translucent gate.
  2369 | D:3      | Found a runed translucent gate.
  2371 | D:3      | Found a runed translucent gate.
  2371 | D:3      | Noticed SoEpicPie's ghost (weakling DjFE)
  2372 | D:3      | Noticed a kobold brigand
  2481 | D:3      | Noticed Robin
  2498 | D:3      | Killed Robin
  2806 | D:3      | Reached *** piety under Trog
  2807 | D:3      | Reached XP level 5. HP: 37/47 MP: 4/4
  4246 | D:4      | Reached skill level 5 in Fighting
  4246 | D:4      | Reached skill level 5 in Axes
  4322 | D:4      | Noticed a lemure
  4369 | D:4      | Killed a lemure
  4381 | D:4      | Reached XP level 6. HP: 45/56 MP: 5/5
  4577 | D:4      | Noticed Pikel
  4606 | D:4      | Killed Pikel
  4607 | D:4      | Reached skill level 5 in Armour
  4607 | D:4      | Reached XP level 7. HP: 63/63 MP: 6/6
  4822 | D:4      | Reached skill level 5 in Dodging
  4888 | D:4      | Found a runed translucent door.
  4889 | D:4      | Noticed Crazy Yiuf
  4895 | D:4      | Killed Crazy Yiuf
  5042 | D:5      | Entered Level 5 of the Dungeon
  5206 | D:5      | Reached XP level 8. HP: 68/71 MP: 7/7
  5657 | D:5      | Reached **** piety under Trog
  6889 | D:6      | Found a bloodstained altar of Trog.
  6920 | D:6      | Found a burning altar of Makhleb.
  7467 | D:7      | Reached XP level 9. HP: 58/81 MP: 8/8
  7985 | D:7      | Identified the +0 ring mail of Misanthropy {rC++}
  8005 | D:7      | Found a staircase to the Ecumenical Temple.
  8034 | D:7      | Found a hide-covered altar of Uskayaw.
  8250 | D:8      | Noticed Erica
  8620 | D:8      | Reached ***** piety under Trog
  9289 | D:8      | HP: 20/83 [acid dragon/splash of acid (26)]
  9291 | D:8      | HP: 9/83 [acid dragon (12)]
  9422 | D:8      | Killed Erica
  9423 | D:8      | Reached XP level 10. HP: 87/92 MP: 9/9
  9871 | D:9      | Reached skill level 10 in Fighting
  9971 | D:9      | Reached skill level 10 in Axes
 10025 | D:9      | Noticed Psyche
 10051 | D:9      | HP: 18/93 [disintegration (17)]
 10052 | D:9      | HP: 7/93 [orc priest/+0 mace (7)]
 10054 | D:9      | HP: 2/93 [disintegration (5)]
 10055 | D:9      | Slain by an orc priest

Illustrated notes

Levels and vault maps discovered:
D:1:      nagdon_arrival_zigzag_paths, layout_basic, serial_forest,
          infiniplex_forest_zigzag_1, infiniplex_forest_corner_1,
          infiniplex_forest_diagonal, infiniplex_forest_lined_room_2,
          infiniplex_forest_clump_cross, infiniplex_forest_end_2,
          infiniplex_forest_lined_1, infiniplex_forest_split,
          minmay_small_reverse_x
D:2:      minmay_thinvault, layout_loops_ring, serial_shops, shop
D:3:      minmay_bubble_buster, layout_loops_corners,
          gammafunk_ghost_nasty_kobolds, nicolae_figureground_sparkle,
          uniq_ijyb, uniq_robin
D:4:      layout_basic, solitary_fountain, uniq_crazy_yiuf_cottage, uniq_pikel
D:5:      layout_basic, serial_bayou, serial_bayou_pond_c, serial_bayou_pond_b,
          serial_bayou_shore_b, serial_bayou_lagoon_a, serial_bayou_shore_a,
          minmay_misc_feat_doors
D:6:      layout_basic, mainiacjoe_overflow_two_lobes, nicolae_hexahallways
D:7:      layout_basic, kennysheep_little_box, minmay_temple_entry_crystal_x,
          serial_bayou_crossing
D:8:      layout_cave_pods, uniq_erica
D:9:      layout_irregular_city, erik_lair_island, roderic_lattice_a,
          laboratory, uniq_psyche

Skill      XL: |  1  2  3  4  5  6  7  8  9 10 |
---------------+-------------------------------+-----
Axes           | 4 5 6 8 9 10 | 10.0
Fighting       | 4 5 6 8 9 10 | 10.0
Armour         | 3 4 5 6 7 9 |  9.6
Dodging        | 3 4 5 6 8 |  8.8

Action                     |  1- 3 |  4- 6 |  7- 9 | 10-12 || total
---------------------------+-------+-------+-------+-------++-------
  Melee: Hand axe          |    89 |    89 |       |       ||   178
         Headbutt          |    14 |    22 |    50 |     3 ||    89
         War axe           |       |    42 |   254 |    33 ||   329
         Punch             |       |       |     5 |       ||     5
         Unarmed           |       |       |       |     3 ||     3
 Invoke: Berserk           |       |     2 |     2 |       ||     4
         Trog's Hand       |       |       |     1 |       ||     1
   Stab: Sleeping          |     3 |     2 |       |       ||     5
 Armour: Animal skin       |    16 |    11 |       |       ||    27
         Ring mail         |       |    18 |     6 |    21 ||    45
         Scale mail        |       |    18 |   100 |       ||   118
  Dodge: Dodged            |    60 |    81 |   215 |    40 ||   396

Table legend: (Time is in decaauts)
 A = Elapsed time spent in this place.
 B = Non-inter-level travel time spent in this place.
 C = Inter-level travel time spent in this place.
 D = Time resting spent in this place.
 E = Time spent auto-exploring this place.
 F = Levels seen in this place.
 G = Mean time per level.
                   A        B        C        D        E       F      G
               +--------+--------+--------+--------+--------+-----+--------+
         Total |  10194 |   9539 |    655 |    167 |   8019 |   9 | 1132.7 |
       Dungeon |  10194 |   9539 |    655 |    167 |   8019 |   9 | 1132.7 |
               +--------+--------+--------+--------+--------+-----+--------+

Top non-repeatable levels by time:
     D:3: 1592 daAuts
     D:5: 1469 daAuts
     D:1: 1283 daAuts
     D:8: 1231 daAuts
     D:2: 1197 daAuts
     D:4: 1022 daAuts
     D:6: 1016 daAuts
     D:7: 929 daAuts
     D:9: 452 daAuts
